 Dungeon Crawl Stone Soup version 0.32-a0-931-g5a2cda0630 (webtiles) character file.

Game seed: 4165506429294530637

42 Biggs the Cutter (level 3, 0/27 HPs)
             Began as a Coglin Brigand on Apr 14, 2024.
             Slain by an adder (1 damage)
             ... on level 2 of the Dungeon.
             The game lasted 00:02:16 (367 turns).

Biggs the Cutter (Coglin Brigand)                    Turns: 367, Time: 00:02:16

Health: 0/27       AC:  4    Str: 11    XL:     3   Next: 56%
Magic:  3/3        EV: 10    Int: 10    God:
Gold:   45         SH:  0    Dex: 17    Spells: 2/2 levels left

rFire   . . .        j - +0 falchion {Suthep}
rCold   . . .        a - +2 dagger {Hans}
rNeg    . . .        b - +0 robe
rPois   .            (no helmet)
rElec   .            h - +1 cloak
rCorr   .            (no gloves)
SInv    .            (no boots)
Will    .....        (amulet unavailable)
Stlth   ++           (ring unavailable)
HPRegen 0.24/turn    (ring unavailable)
MPRegen 0.08/turn    (no gizmo)

%: no passive effects
@: lethally poisoned (0 -> -1), revved
A: off-hand wielding, slow wielding, warmup strikes, no jewellery
a: Invent Gizmo


You were on level 2 of the Dungeon.
You visited 1 branch of the dungeon, and saw 2 of its levels.

You collected 73 gold pieces.
You spent 28 gold pieces at shops.

Inventory:

Hand Weapons
 a - a +2 dagger (offhand) {Hans}
 f - a +0 dagger {Ruka}
 j - a +0 falchion (weapon) {Suthep}
Missiles
 d - 9 poisoned darts (quivered)
 e - 3 curare-tipped darts
Armour
 b - a +0 robe (worn)
 c - a +0 cloak
 h - a +1 cloak (worn)
Scrolls
 g - a scroll of fog
 i - 3 scrolls of amnesia


   Skills:
 - Level 2.0 Fighting
 + Level 3.5 Short Blades
 - Level 1.7 Throwing
 - Level 0.8 Dodging
 - Level 3.2 Stealth


You had 2 spell levels left.
You didn't know any spells.
Your spell library was empty.

Dungeon Overview and Level Annotations

Branches:
Dungeon (2/15)

Altars:

Shops:
D:1 (*


Innate Abilities, Weirdness & Mutations

You can wield a second weapon in your off-hand.
It takes a long time for you to wield or remove held weapons.
Your first few attacks do less damage.
You cannot equip rings or amulets.


Message History

You closely miss the bat with your +2 dagger.
You hit the bat with your +0 falchion.
You feel sick. The bat hits you.
You feel sick.
You are no longer poisoned.
The bat barely misses you.
You see here a ball python corpse.
You slash the bat with your +0 falchion!
You kill the bat!
You hit the adder with your +2 dagger.
The adder is lightly wounded.
You closely miss the adder with your +0 falchion.
The adder bites you. x2
* * * LOW HITPOINT WARNING * * *
You are poisoned.
The adder poisons you!
You miss the adder with your +0 falchion.
The adder is lightly wounded.
You hit the adder but do no damage.
You feel sick. The adder barely misses you.
Unknown command.
You closely miss the adder with your +2 dagger.
The adder is lightly wounded.
You hit the adder with your +0 falchion.
You feel sick. The adder bites you but does no damage.
Unknown command.
You closely miss the adder with your +0 falchion.
The adder is heavily wounded.
You hit the adder with your +2 dagger.
You feel sick. The adder bites you.
* * * LOW HITPOINT WARNING * * *
The adder closely misses you.
Unknown command.
Unknown command.
You aren't carrying any potions.
Unknown command.
You aren't carrying any potions.
You hit the adder with your +2 dagger.
The adder is almost dead.
You barely miss the adder with your +0 falchion.
* * * LOW HITPOINT WARNING * * *
You feel sick. The adder bites you.
You die...

...........# ..# #.
...........# #.# #.
...........####.#########.
.......................(..
...........####...........
.....$†...#.....#.#######.
...#.....g..#####..# #.
######S### ##..# #. ##@#
#...###. ##..# ##...#.
#..## ##... #....)†## ##..
...###... #.. ###.. ##.
### #. #. #.


You could see an adder and a hobgoblin.

Vanquished Creatures
  2 adders (D:2)
  A dart slug (D:1)
  3 endoplasms (D:1)
  A giant cockroach (D:1)
  3 goblins
  A hobgoblin (D:1)
  3 ball pythons
  4 bats
  5 frilled lizards
23 creatures vanquished.

Notes
Turn   | Place    | Note
-------+----------+-------------------------------------------
     0 | D:1      | Biggs the Coglin Brigand began the quest for the Orb.
     0 | D:1      | Reached XP level 1. HP: 16/16 MP: 1/1
    44 | D:1      | Reached XP level 2. HP: 18/22 MP: 2/2
    95 | D:1      | Found Jestruze's Weapon Emporium.
    95 | D:1      | Found a faded altar of an unknown god.
   169 | D:1      | Found Veseygupt's General Store.
   193 | D:1      | Bought a scroll of identify for 28 gold pieces
   355 | D:2      | Reached XP level 3. HP: 15/27 MP: 3/3
   366 | D:2      | HP: 1/27 [adder (2)]
   367 | D:2      | Slain by an adder

Illustrated notes

Levels and vault maps discovered:
D:1:      reono_arrival_forest_river, layout_basic,
          ebering_ecumenical_altar_sacrificial, serial_shops,
          nicolae_shop_bloodbath_and_beyond, shop,
          nicolae_shop_pleasant_corner_grove, nicolae_lakefront_shop,
          minmay_pentomino_p2
D:2:      layout_rooms, amcnicky_mini_pool_small, grunt_decor_cap, uniq_sigmund

Skill      XL: |  1  2 |
---------------+-------+-----
Short Blades   | 2 3 |  3.5
Fighting       | |  2.0
Throwing       | |  1.7
Dodging        | |  0.8
Stealth        | |  3.2

Action                     || total
---------------------------++-------
  Melee: Dagger            ||    67
         Falchion          ||    14
    Use: Scroll            ||     2
   Stab: Sleeping          ||     2
 Armour: Robe              ||    37
  Dodge: Dodged            ||    28

Table legend: (Time is in decaauts)
 A = Elapsed time spent in this place.
 B = Non-inter-level travel time spent in this place.
 C = Inter-level travel time spent in this place.
 D = Time resting spent in this place.
 E = Time spent auto-exploring this place.
 F = Levels seen in this place.
 G = Mean time per level.
                   A        B        C        D        E       F      G
               +--------+--------+--------+--------+--------+-----+--------+
         Total |    366 |    366 |      0 |      0 |      0 |   2 |  183.0 |
       Dungeon |    366 |    366 |      0 |      0 |      0 |   2 |  183.0 |
               +--------+--------+--------+--------+--------+-----+--------+

Top non-repeatable levels by time:
     D:1: 242 daAuts
     D:2: 124 daAuts
